Cogmind - Beta 16.1 @@@ ROGUE MODE // 2026.03.20 @ 23:57:14 Player: Satori Result: Destroyed by P-70 Sage with Tesla Rifle Performance ------------- Evolutions (6) 3000 Regions Visited (13) 2600 Robots Destroyed (97) 485 Value Destroyed (3399) 3399 Prototype IDs (22) 440 Alien Tech Used (0) 0 Bonus (1096) 1096 TOTAL SCORE: 11020 Bonus ------- Follower Combat Kills 96 Met Warlord at Base 500 MAIN.C Attacked Warlord 500 Cogmind --------- Core Integrity 0/1150 Matter 300/300 Energy 681/700 System Corruption 26% Temperature Cool (2) Movement Hovering (70) Location -4/Factory Parts ------- > --- POWER (2) -------- (None) > --- PROPULSION (7) --- Improved Gyrokinetic Inverter > --- UTILITY (6) ------ Improved Heat Sink Experimental Energy Well Advanced Melee Analysis Suite Graphene Brace > --- WEAPON (4) ------- Plasma Lance > --- INVENTORY (5) ---- Vortex Chain Reactor Myomer Leg Authchip [Device] Autogun Peak State ------------ > --- POWER ------------ Fission Core Micro Fission Core > --- PROPULSION ------- Improved Gravmag System Improved Gravmag System Gravmag Array Gravmag Array Linear Gravjet > --- UTILITY ---------- Advanced Cooling System Large Storage Unit Enhanced Optical Array Experimental Armor Integrity Analyzer Improved Medium Armor Plating Experimental Hacking Suite > --- WEAPON ----------- Variable Charge Gun Long-range Proton Cannon Powered Hammer Chainsword > --- INVENTORY -------- Vortex Chain Reactor Gravmag Array Improved Linear Gravjet Experimental Energy Well Seismic Detector Advanced ECM Suite Advanced Reaction Control System Makeshift Ablative Armor Makeshift Ablative Armor Graphene Brace Authchip [Device] Heavy Gauss Cannon Subdweller Shrapnel Launcher [Rating: 110] Favorites ----------- Power Neutrino Core Engine Subdweller Power Source Power Core Neutrino Core Reactor Light Antimatter Reactor Propulsion Linear Gravjet Treads Improved Medium Treads Leg Myomer Leg Wheel Subdweller Monowheel Hover Unit Linear Gravjet Flight Unit VTOL Module Utility Large Storage Unit Device Seismic Detector Storage Large Storage Unit Processor Advanced Visual Processing Unit Hackware Hacking Suite Protection Core Shielding Weapon Chainsword Energy Gun Medium Laser Energy Cannon Phase Cannon Ballistic Gun Subdweller Machine Gun Ballistic Cannon Heavy Gauss Cannon Launcher Subdweller Shrapnel Launcher Special Weapon Improved Plasma Cutter Impact Weapon Powered Hammer Slashing Weapon Chainsword Piercing Weapon Plasma Lance Build | -11 -10 -10 -10 -7 -7 -5 -5 -5 -5 -4 -4 -4 -4 ------- Run | Yrd Mat Min Sub Rec Scr Fac Upp Upp War Pro Fac Was Fac Slots Evolved 12 | . . . . . . 10 . . . . 2 . . Power 1 | . . . . . . 1 . . . . . . . Propulsion 5 | . . . . . . 4 . . . . 1 . . Utility 4 | . . . . . . 4 . . . . . . . Weapon 2 | . . . . . . 1 . . . . 1 . . Parts Attached 158 | 6 9 1 13 3 4 61 7 1 10 3 5 . 35 Power 18 | 1 . . 2 . 1 6 1 1 1 . . . 5 Engine 6 | 1 . . 2 . . 3 . . . . . . . Core 10 | . . . . . 1 3 . 1 . . . . 5 Reactor 2 | . . . . . . . 1 . 1 . . . . Propulsion 47 | 2 1 1 4 2 1 20 1 . 2 . 1 . 12 Treads 14 | 1 1 . 2 1 . 9 . . . . . . . Leg 3 | . . . . . . 1 . . . . . . 2 Wheel 8 | 1 . 1 2 1 1 1 . . . . . . 1 Hover 20 | . . . . . . 9 1 . 1 . 1 . 8 Flight 2 | . . . . . . . . . 1 . . . 1 Utility 49 | 2 4 . 1 1 . 19 4 . 5 1 1 . 11 Device 24 | 1 3 . . . . 9 1 . 3 . 1 . 6 Storage 7 | 1 1 . . 1 . 2 1 . 1 . . . . Processor 6 | . . . . . . 3 . . 1 1 . . 1 Hackware 3 | . . . . . . 1 . . . . . . 2 Protection 9 | . . . 1 . . 4 2 . . . . . 2 Artifact . | . . . . . . . . . . . . . . Weapon 44 | 1 4 . 6 . 2 16 1 . 2 2 3 . 7 Energy Gun 20 | 1 3 . 2 . . 10 . . 1 . 1 . 2 Energy Cannon 3 | . . . . . . 1 . . . . 1 . 1 Ballistic Gun 10 | . . . 2 . 2 4 . . . . . . 2 Ballistic Cannon 2 | . . . . . . . . . . . 1 . 1 Launcher 3 | . . . 1 . . . . . . 2 . . . Special Weapon 3 | . 1 . 1 . . . . . 1 . . . . Impact Weapon 1 | . . . . . . . 1 . . . . . . Slashing Weapon 1 | . . . . . . 1 . . . . . . . Piercing Weapon 1 | . . . . . . . . . . . . . 1 Special Melee Weapon . | . . . . . . . . . . . . . . Unidentified Prototypes 14 | . . . . . . 4 . . 7 . . . 3 Corrupted Parts 2 | . . . . . . 1 1 . . . . . . System Corruption 17 | . . . . . . 7 10 . . . . . . Parts Lost 65 | . . 2 10 . . 14 2 . 1 3 . . 33 Power 12 | . . . 2 . . 3 1 . . . . . 6 Propulsion 22 | . . 1 3 . . 4 1 . 1 1 . . 11 Utility 14 | . . 1 . . . 3 . . . . . . 10 Weapon 17 | . . . 5 . . 4 . . . 2 . . 6 Highest Loss Streak 13 | . . 2 5 . . 3 2 . 1 3 . . 13 To Critical Strikes . | . . . . . . . . . . . . . . Average Backups 15 | 5 10 14 14 21 22 16 13 13 13 13 12 12 7 Power . | . 1 1 . . . . . . 1 1 1 1 . Propulsion 1 | 1 1 . . 2 1 2 2 2 1 . 1 2 . Utility 7 | . 4 7 7 12 13 6 5 5 6 8 7 7 4 Weapon 4 | 2 3 5 5 6 5 5 4 4 4 3 2 2 1 Tool/Special . | . . . . . . . . . . . . . . Unused Backups 36 | . 1 2 4 . 7 16 1 . 1 1 . . 3 Power . | . . . . . . . . . . . . . . Propulsion 2 | . . . . . . 1 . . 1 . . . . Utility 19 | . 1 . 2 . 3 9 1 . . 1 . . 2 Weapon 10 | . . 2 2 . 3 3 . . . . . . . Tool/Special 5 | . . . . . 1 3 . . . . . . 1 Average Slot Usage (%) 93 | . 99 99 97 100 94 94 94 100 99 94 81 94 54 Engine 6 | . 14 14 13 14 3 3 . . . . . . . Core 4 | . . . . . 10 6 6 7 10 9 8 10 3 Treads 14 | . 26 14 12 23 17 22 . . . . . . . Wheel 4 | . 1 12 13 4 10 2 . . . . . . . Hover 9 | . . . . . . 5 32 35 34 33 29 31 16 Device 12 | . 14 14 9 10 . 16 20 17 13 16 11 10 6 Storage 10 | . 14 14 14 14 14 5 6 11 10 7 5 5 3 Processor 1 | . . . . . . 4 . . 2 8 10 10 1 Protection 4 | . . . 4 3 14 4 1 . 2 . 2 5 2 Energy Gun 11 | . 23 28 19 14 6 10 5 5 1 . . 5 2 Ballistic Gun 4 | . . . 5 14 16 2 . . . . . . 1 Special Weapon 1 | . 4 . 3 . . . . . 3 3 . . . Slashing Weapon 1 | . . . . . . 1 5 5 5 3 3 5 4 Peak Build Rating 110 | 6 10 10 14 19 25 102 91 86 100 99 105 105 110 Average Rating 46 | 5 8 9 11 18 20 80 82 85 92 91 93 104 67 On Entrance 51 | . 6 8 9 14 19 25 88 86 86 98 74 105 105 Avg Prop Armor Cover (%) 12 | 15 13 12 10 8 15 12 2 . . 4 4 . 8 Naked Turns . | . . . . . . . . . . . . . . Heaviest Build 134 | 13 31 30 34 94 99 134 62 60 60 60 69 69 87 Greatest Support 168 | 20 40 40 20 48 48 168 62 60 60 60 70 70 79 Greatest Overweight (x) 4 | 1 1 2 3 4 4 2 1 . . . . . 4 Average Overweight (x) . | . . 1 1 1 3 . . . . . . . . Largest Inventory Capacity 25 | 8 15 15 15 25 25 25 15 15 15 15 15 15 15 Average Capacity 17 | 7 14 15 15 24 25 18 15 15 15 15 15 15 10 Most Carried 25 | 7 15 15 15 24 25 25 15 15 15 15 15 15 15 Average Carried 15 | 5 10 14 14 21 22 17 14 14 14 14 14 14 8 Final Capacity 25 | 8 15 15 15 25 25 15 15 15 15 15 15 15 5 Final Carried 25 | 7 15 15 15 24 25 15 15 15 14 15 15 15 5 Class Distribution -------------------- 58% | Mutant 13% | Tank 9% | Scavenger-Sprinter 6% | Scavenger-Mutant 4% | Sprinter 4% | Commander-Sprinter Dominant Class ---------------- Mutant | -10/Materials Mutant | -10/Mines Mutant | -10/Subcaves Mutant | -7/Recycling Mutant | -7/Scraptown Tank | -5/Factory Scavenger-Sprinter | -5/Upper Caves Scavenger-Sprinter | -5/Upper Caves Commander-Sprinter | -5/Warlord Sprinter | -4/Proximity Caves Derelict-Sprinter | -4/Factory Derelict-Sprinter | -4/Waste Mutant | -4/Factory Resources | -11 -10 -10 -10 -7 -7 -5 -5 -5 -5 -4 -4 -4 -4 ----------- Run | Yrd Mat Min Sub Rec Scr Fac Upp Upp War Pro Fac Was Fac Matter Collected 3804 | 260 191 159 379 60 319 1228 157 8 180 75 . . 788 Remotely . | . . . . . . . . . . . . . . Salvage Created 4530 | 58 419 131 308 . . 2183 226 . . 146 . . 1059 Parts 201 | 9 23 8 27 . . 81 2 . . 12 . . 39 Haulers Intercepted 4 | . . . . . . 3 . . . . . . 1 Recyclers Shooed 10 | 2 1 . . . . 2 . . . . . . 5 Parts Field Recycled . | . . . . . . . . . . . . . . Retrieved Matter . | . . . . . . . . . . . . . . Parts Self-Destructed 17 | . . . 15 . . . 1 . . 1 . . . Prevented 10 | . . . . . . . 3 1 . 6 . . . Parts Restored . | . . . . . . . . . . . . . . Kills | -11 -10 -10 -10 -7 -7 -5 -5 -5 -5 -4 -4 -4 -4 ------- Run | Yrd Mat Min Sub Rec Scr Fac Upp Upp War Pro Fac Was Fac Combat Hostiles Destroyed 64 | . 8 3 13 . . 19 1 . . 4 . . 16 Melee 11 | . . . . . . 1 1 . . . . . 9 Guns 31 | . 8 2 8 . . 12 . . . . . . 1 Cannons 5 | . . . . . . 2 . . . . . . 3 AOE 13 | . . 1 5 . . . . . . 4 . . 3 Classes Destroyed 19 | 1 2 . 4 . . 9 1 . . 1 . . 1 Worker 4 | . . . . . . 3 . . . . . . 1 Builder 3 | . . . . . . 3 . . . . . . . Tunneler 3 | 3 . . . . . . . . . . . . . Hauler 4 | . . . . . . 3 . . . . . . 1 Recycler 7 | . . . . . . 4 . . . . . . 3 Minesweeper 1 | . . . . . . . 1 . . . . . . Mechanic 2 | . . . . . . 1 . . . . . . 1 Operator 1 | . . . . . . 1 . . . . . . . Turret 2 | . . . 2 . . . . . . . . . . Watcher 6 | . 3 . . . . 2 . . . . . . 1 Swarmer 21 | . . . 6 . . 3 . . . 4 . . 8 Grunt 19 | . 8 3 . . . 5 . . . . . . 3 Brawler 1 | . . . . . . 1 . . . . . . . Duelist 1 | . . . . . . . . . . . . . 1 Sentry 5 | . . . 1 . . 3 1 . . . . . . Hunter 3 | . . . . . . 1 . . . . . . 2 Programmer 8 | . . . . . . 6 . . . . . . 2 Subdweller 6 | . . . 6 . . . . . . . . . . Packrat 2 | . . . . . . . 2 . . . . . . Samaritan 1 | . . . . . . . . . . 1 . . . Best Kill Streak 6 | 1 3 2 3 . . 6 1 . . 4 . . 6 Combat Bots Only 5 | . 2 2 3 . . 5 1 . . 4 . . 4 Max Kills in Single Turn 3 | 1 1 1 2 . . 2 1 . . 2 . . 3 Gunslinging 1 | . . . . . . 1 . . . . . . . Exploded 2 | . . 1 2 . . . . . . 2 . . 2 Melee 1 | . . . . . . 1 1 . . . . . 1 Uniques/NPCs Destroyed . | . . . . . . . . . . . . . . Combat | -11 -10 -10 -10 -7 -7 -5 -5 -5 -5 -4 -4 -4 -4 -------- Run | Yrd Mat Min Sub Rec Scr Fac Upp Upp War Pro Fac Was Fac Hostile Shots Fired 997 | . 35 17 136 . . 230 27 2 38 33 . . 479 Missed 360 | . 9 6 52 . . 64 9 1 20 11 . . 188 Hits 637 | . 26 11 84 . . 166 18 1 18 22 . . 291 Projectile 637 | . 26 11 84 . . 166 18 1 18 22 . . 291 AOE 4 | . . . . . . 2 . . . . . . 2 Critical Strikes 22 | . . . 1 . . 7 . . . . . . 14 Actively Blocked 3 | . . . . . . . . . . . . . 3 Part Disruptions 3 | . . . . . . 3 . . . . . . . Damage Taken 11205 | . 341 147 851 . . 3860 416 20 250 399 . . 4921 Core 1867 | . 18 14 182 . . 379 69 . 15 23 . . 1167 Absorbed by Shields . | . . . . . . . . . . . . . . Redirected to Shielding 24 | . . . 24 . . . . . . . . . . Regen/Repaired (Parts) 111 | . . . . . . . . . 111 . . . . Core Remaining (%) 55 | 100 . . . . 14 . . . . 51 . . . Volleys Fired 290 | 17 46 8 67 . . 116 . . . 8 . . 28 Largest 3 | 1 2 2 2 . . 3 . . . 1 . . 2 Hottest 215 | 50 150 90 130 . . 215 . . . 40 . . 156 Shots Fired 532 | 17 80 16 103 . . 263 4 2 . 8 . . 39 Gun 405 | 17 68 16 72 . . 217 4 2 . . . . 9 Cannon 72 | . . . . . . 46 . . . . . . 26 Launcher 21 | . . . 9 . . . . . . 8 . . 4 Special 34 | . 12 . 22 . . . . . . . . . . Kinetic 81 | . . . 22 . . 43 . . . 3 . . 13 Thermal 293 | 17 59 8 72 . . 113 3 2 . . . . 19 Explosive 9 | . . . 9 . . . . . . . . . . Electromagnetic 149 | . 21 8 . . . 107 1 . . 5 . . 7 Robot Hit Streak 20 | 5 16 6 20 . . 13 . . . . . . 5 Robot Miss Streak 6 | 1 1 1 3 . . 6 . 3 . . . . 5 Penetration Max 2 | . . . . . . 2 . . . . . . . Secondary Targets 4 | . . . . . . 4 . . . . . . . Max Gunslinging Chain 1 | . . . . . . 1 . . . . . . . Shots Hit Robots 370 | 14 52 14 49 . . 155 21 . 2 1 . . 62 Core Hits 166 | 4 21 6 26 . . 62 6 . . 6 . . 35 Critical Kills 1 | . . . . . . 1 . . . . . . . Critical Parts Destroyed 3 | . . . . . . 3 . . . . . . . Critical Strikes 22 | 2 3 1 2 . . 7 1 . . . . . 6 Burn 9 | 2 3 1 1 . . 2 . . . . . . . Destroy 5 | . . . 1 . . 4 . . . . . . . Sever 8 | . . . . . . 1 1 . . . . . 6 Melee Attacks 134 | . . . . . . 36 26 . 2 2 1 . 67 Impact 7 | . . . . . . . 6 . . 1 . . . Slashing 127 | . . . . . . 36 20 . 2 1 1 . 67 Piercing . | . . . . . . . . . . . . . . Sneak Attacks 19 | . . . . . . 8 3 . . 1 . . 7 Combat Hostiles . | . . . . . . . . . . . . . . Follow-up Attacks 3 | . . . . . . . 3 . . . . . . Damage Inflicted 11738 | 185 724 219 1122 . . 4500 867 . 88 427 . . 3606 Guns 5001 | 185 724 172 816 . . 3017 . . . . . . 87 Cannons 1078 | . . . . . . 534 . . . . . . 544 Explosions 2206 | . . 47 306 . . 275 . . . 346 . . 1232 Melee 3453 | . . . . . . 674 867 . 88 81 . . 1743 Ramming . | . . . . . . . . . . . . . . Kinetic 1695 | . . . 334 . . 469 . . . 147 . . 745 Thermal 4121 | 185 471 124 482 . . 1814 . . . . . . 1045 Explosive 363 | . . . 306 . . 57 . . . . . . . Electromagnetic 2106 | . 253 95 . . . 1486 . . . 199 . . 73 Impact 160 | . . . . . . . 160 . . . . . . Slashing 3293 | . . . . . . 674 707 . 88 81 . . 1743 Piercing . | . . . . . . . . . . . . . . Highest Corruption 42 | . . . . . . 32 42 42 42 . 2 7 26 Average Corruption 20 | . . . . . . 13 35 42 42 . 1 5 14 Corruption Purged . | . . . . . . . . . . . . . . Corruption Blocked . | . . . . . . . . . . . . . . Effects 157 | . . . . . . 67 37 16 . . . 2 35 Message Errors 37 | . . . . . . 21 6 3 . . . 1 6 Matter Fused 28 | . . . . . . 8 9 2 . . . . 9 Heat Flow Errors 22 | . . . . . . 9 5 3 . . . . 5 Energy Discharges 17 | . . . . . . 5 6 2 . . . 1 3 Parts Rejected 7 | . . . . . . 4 1 . . . . . 2 Parts Fused 3 | . . . . . . 1 1 . . . . . 1 Data Loss (minor) 14 | . . . . . . 8 4 1 . . . . 1 Data Loss (major) 8 | . . . . . . 2 1 1 . . . . 4 Misfires 11 | . . . . . . 2 4 2 . . . . 3 Misdirections 3 | . . . . . . . . 2 . . . . 1 Weapon Failures 7 | . . . . . . 7 . . . . . . . Overload Shots . | . . . . . . . . . . . . . . Overflow Damage 808 | . . . 2 . . 282 106 . . . . . 418 Projectiles 63 | . . . . . . 33 . . . . . . 30 Explosions 286 | . . . 2 . . 87 . . . . . . 197 Melee 459 | . . . . . . 162 106 . . . . . 191 Knockbacks . | . . . . . . . . . . . . . . Impact . | . . . . . . . . . . . . . . Kinetic . | . . . . . . . . . . . . . . Secondary . | . . . . . . . . . . . . . . Self-Inflicted Damage 338 | . . . 40 . . 189 . . . 44 . . 65 Shots 8 | . . . 1 . . 2 . . . 4 . . 1 Rammed . | . . . . . . . . . . . . . . Targets Rammed . | . . . . . . . . . . . . . . Kicked . | . . . . . . . . . . . . . . Crushed . | . . . . . . . . . . . . . . Highest Temperature 536 | 80 378 30 138 . . 536 183 250 224 . . . 463 Average Temperature 106 | 29 97 8 48 . . 122 65 107 91 . . . 121 Received Heat Transfer 1387 | . 186 87 288 . . 537 63 9 90 . . . 127 Effects 9 | . . . . . . 8 . . . . . . 1 Shutdowns 1 | . . . . . . 1 . . . . . . . Energy Bleed 3 | . . . . . . 3 . . . . . . . Interference 2 | . . . . . . 2 . . . . . . . Matter Decay 3 | . . . . . . 2 . . . . . . 1 Siege Activations . | . . . . . . . . . . . . . . Martial Activations . | . . . . . . . . . . . . . . Shielding Activations . | . . . . . . . . . . . . . . Robots Disrupted 1 | . . . . . . 1 . . . . . . . Combat Hostiles . | . . . . . . . . . . . . . . Robots Corrupted 4 | . . . . . . 4 . . . . . . . Combat Hostiles 4 | . . . . . . 4 . . . . . . . Parts Fried 8 | . . 1 . . . 7 . . . . . . . Impact Corruptions . | . . . . . . . . . . . . . . Robots Melted . | . . . . . . . . . . . . . . Combat Hostiles . | . . . . . . . . . . . . . . Parts Melted 13 | 1 2 . . . . 10 . . . . . . . Heat Transferred 6718 | 703 1517 346 1088 . . 2270 . . . . . . 794 Parts Sabotaged . | . . . . . . . . . . . . . . Parts Stolen . | . . . . . . . . . . . . . . Parts Stripped . | . . . . . . . . . . . . . . Power Chain Reactions 5 | . . 1 . . . 3 . . . . . . 1 Alert | -11 -10 -10 -10 -7 -7 -5 -5 -5 -5 -4 -4 -4 -4 ------- Run | Yrd Mat Min Sub Rec Scr Fac Upp Upp War Pro Fac Was Fac Maximum Alert Level 2 | . . . . . . 2 . . . . . . . Low Security (%) 92 | 100 100 100 . 100 . 79 . . . . 100 100 100 Level 1 4 | . . . . . . 13 . . . . . . . Level 2 2 | . . . . . . 7 . . . . . . . Level 3 . | . . . . . . . . . . . . . . Level 4 . | . . . . . . . . . . . . . . Level 5 . | . . . . . . . . . . . . . . High Security . | . . . . . . . . . . . . . . Max Security . | . . . . . . . . . . . . . . Peak Influence 478 | 5 71 50 . 14 . 478 . . . . 28 . 184 Initial 28 | . . . . 3 . . . . . . 28 . . Average 55 | . 18 10 . . . 105 . . . . 16 . 90 Influence Increases 3135 | 15 283 144 310 31 . 1152 85 45 275 105 . . 690 Destroy 0b10 Robot/C 1280 | . 160 60 180 . . 380 20 . 80 80 . . 320 Destroy 0b10 Robot/NC 155 | 15 15 . . . . 85 5 . . . . . 35 Destroy Leader 248 | . 46 20 10 . . 110 . . . 10 . . 52 Allied During Kill 30 | . . . . . . . . . 30 . . . . Successful Hack 139 | . 38 . . 31 . 70 . . . . . . . Select Force Hacks 50 | . . . . . . . . . . . . . 50 Disable Machine 195 | . . . . . . 135 . . . . . . 60 Destroy Structure 333 | . 9 4 . . . 252 . . . . . . 68 Partial Spotted 30 | . . . . . . 15 . . . . . . 15 Lose Combat Pursuer 675 | . 15 60 120 . . 105 60 45 165 15 . . 90 Influence Decreases 3092 | 15 283 144 302 39 . 674 526 47 215 155 45 . 647 Entered New Map 338 | . . . . 5 . . 178 8 35 95 17 . . Time Decay 2059 | 15 283 144 222 34 . 549 318 39 80 30 28 . 317 Lost Part 595 | . . . 80 . . 125 20 . 10 30 . . 330 Lost Ally 100 | . . . . . . . 10 . 90 . . . . Squads Dispatched 19 | . . . . . . 13 . . . . 1 . 5 Investigation 3 | . . . . . . 1 . . . . . . 2 Extermination 7 | . . . . . . 4 . . . . . . 3 Reinforcement 6 | . . . . . . 5 . . . . 1 . . Assault . | . . . . . . . . . . . . . . Garrison 3 | . . . . . . 3 . . . . . . . Intercept . | . . . . . . . . . . . . . . Searches Triggered . | . . . . . . . . . . . . . . Construction Impeded . | . . . . . . . . . . . . . . Haulers Reinforced 1 | . . . . . . 1 . . . . . . . Active Scanning Responses . | . . . . . . . . . . . . . . Cargo Convoy Interrupts . | . . . . . . . . . . . . . . Stealth | -11 -10 -10 -10 -7 -7 -5 -5 -5 -5 -4 -4 -4 -4 --------- Run | Yrd Mat Min Sub Rec Scr Fac Upp Upp War Pro Fac Was Fac Distress Signals 8 | . . . . . . 3 . . . . . . 5 Communications Jammed 3 | . . . . . . 3 . . . . . . . Distress Signals 3 | . . . . . . 3 . . . . . . . Times Spotted 160 | . 12 6 15 . . 40 5 4 16 7 1 5 49 Peak Tracking Total 13 | . 3 2 4 . . 4 3 1 13 7 1 5 9 Tactical Retreats 26 | . 1 1 3 . . 6 3 2 4 1 . . 5 ECM-based Alert Blocks 3 | . . . . . . . . . . . . . 3 Traps | -11 -10 -10 -10 -7 -7 -5 -5 -5 -5 -4 -4 -4 -4 ------- Run | Yrd Mat Min Sub Rec Scr Fac Upp Upp War Pro Fac Was Fac Traps Triggered 6 | . . . . . . 1 . . . . 3 . 2 Indirectly 1 | . . . . . . 1 . . . . . . . Trap Hack Attempts . | . . . . . . . . . . . . . . Triggered . | . . . . . . . . . . . . . . Disarmed . | . . . . . . . . . . . . . . Reprogrammed . | . . . . . . . . . . . . . . Reused 5 | . . . . . . . 4 . 1 . . . . Traps Extracted . | . . . . . . . . . . . . . . Installed 7 | . . . . . . . 5 1 1 . . . . Triggered 5 | . . . . . . . 4 . 1 . . . . Most Traps Carried 2 | . . . . . . . 2 2 1 . . . . Machines | -11 -10 -10 -10 -7 -7 -5 -5 -5 -5 -4 -4 -4 -4 ---------- Run | Yrd Mat Min Sub Rec Scr Fac Upp Upp War Pro Fac Was Fac Machines Disabled 18 | . . . 4 . . 9 . . 1 . . . 4 Max in Single Turn 4 | . . . 1 . . 4 . . 1 . . . 2 Machines Repaired . | . . . . . . . . . . . . . . Machines Dismantled 1 | . . . . . . . . . 1 . . . . Machines Sabotaged . | . . . . . . . . . . . . . . Overloaded Fab Kills 2 | . . . . . . . . . . . . . 2 Hacking | -11 -10 -10 -10 -7 -7 -5 -5 -5 -5 -4 -4 -4 -4 --------- Run | Yrd Mat Min Sub Rec Scr Fac Upp Upp War Pro Fac Was Fac Machines Accessed 41 | . 8 . 1 9 . 14 . 2 2 . . . 5 Terminals 25 | . 8 . . 5 . 9 . 1 . . . . 2 Fabricators 1 | . . . . . . . . . . . . . 1 Repair Stations 1 | . . . . . . . . . . . . . 1 Recycling Units 5 | . . . . 4 . 1 . . . . . . . Scanalyzers 3 | . . . . . . 2 . . . . . . 1 Garrison Access 2 | . . . . . . 2 . . . . . . . Total Hacks 98 | . 33 . 5 22 . 25 . 2 2 . . . 9 Successful 49 | . 22 . 5 10 . 6 . 2 2 . . . 2 Failed 49 | . 11 . . 12 . 19 . . . . . . 7 Catastrophic 9 | . 1 . . 1 . 6 . . . . . . 1 Database Lockouts . | . . . . . . . . . . . . . . Manual 49 | . 25 . . 9 . 14 . . . . . . 1 Terminals 64 | . 33 . . 11 . 15 . 1 . . . . 4 Fabricators 1 | . . . . . . . . . . . . . 1 Repair Stations 1 | . . . . . . . . . . . . . 1 Recycling Units 13 | . . . . 11 . 2 . . . . . . . Scanalyzers 7 | . . . . . . 4 . . . . . . 3 Garrison Access 4 | . . . . . . 4 . . . . . . . Terminal Hacks 24 | . 11 . 5 2 . 1 . 2 2 . . . 1 Record 6 | . . . 5 . . . . 1 . . . . . Part Schematic 1 | . 1 . . . . . . . . . . . . Robot Analysis 2 | . 2 . . . . . . . . . . . . Prototype ID Bank 4 | . 3 . . 1 . . . . . . . . . Open Door 3 | . . . . . . . . 1 2 . . . . Locate Traps 3 | . 3 . . . . . . . . . . . . Hauler Manifests 1 | . 1 . . . . . . . . . . . . Registered Components 1 | . . . . 1 . . . . . . . . . Zone Layout 3 | . 1 . . . . 1 . . . . . . 1 Fabricator Hacks . | . . . . . . . . . . . . . . Repair Station Hacks . | . . . . . . . . . . . . . . Recycling Unit Hacks 5 | . . . . 5 . . . . . . . . . Process 1 | . . . . 1 . . . . . . . . . Retrieve Matter 1 | . . . . 1 . . . . . . . . . Retrieve Components 3 | . . . . 3 . . . . . . . . . Scanalyzer 2 | . . . . . . 2 . . . . . . . Retrieve Study 2 | . . . . . . 2 . . . . . . . Garrison Access Hacks . | . . . . . . . . . . . . . . Unauthorized Hacks 18 | . 11 . . 3 . 3 . . . . . . 1 Terminals 16 | . 11 . . 3 . 2 . . . . . . . Track 2 | . 1 . . . . 1 . . . . . . . Assimilate 1 | . 1 . . . . . . . . . . . . Botnet 5 | . 3 . . 1 . 1 . . . . . . . Operators 1 | . 1 . . . . . . . . . . . . Skim 7 | . 5 . . 2 . . . . . . . . . Fabricators 1 | . . . . . . . . . . . . . 1 Overload 1 | . . . . . . . . . . . . . 1 Repair Stations . | . . . . . . . . . . . . . . Recycling Units 1 | . . . . . . 1 . . . . . . . Recyclers 1 | . . . . . . 1 . . . . . . . Scanalyzers . | . . . . . . . . . . . . . . Garrison Access . | . . . . . . . . . . . . . . Data Cores Recovered . | . . . . . . . . . . . . . . Used . | . . . . . . . . . . . . . . Hacking Detections 33 | . 8 . . 7 . 14 . . . . . . 4 Full Trace Events 3 | . . . . 1 . 1 . . . . . . 1 Feedback Events . | . . . . . . . . . . . . . . Feedback Blocked . | . . . . . . . . . . . . . . Robot Schematics Acquired . | . . . . . . . . . . . . . . Robots Built . | . . . . . . . . . . . . . . Authchips . | . . . . . . . . . . . . . . Time . | . . . . . . . . . . . . . . Total Robot Build Rating . | . . . . . . . . . . . . . . Part Schematics Acquired 1 | . 1 . . . . . . . . . . . . Parts Built . | . . . . . . . . . . . . . . Authchips . | . . . . . . . . . . . . . . Time . | . . . . . . . . . . . . . . Total Part Build Rating . | . . . . . . . . . . . . . . Part Studies Acquired 2 | . . . . . . 2 . . . . . . . Parts Repaired . | . . . . . . . . . . . . . . Time . | . . . . . . . . . . . . . . Parts Recycled . | . . . . . . . . . . . . . . Recycled Matter 16 | . . . . 16 . . . . . . . . . Retrieved Matter 16 | . . . . 16 . . . . . . . . . Retrieved Components 3 | . . . . 3 . . . . . . . . . Parts Scanalyzed . | . . . . . . . . . . . . . . Part Schematics Acquired . | . . . . . . . . . . . . . . Parts Damaged . | . . . . . . . . . . . . . . Bothacking | -11 -10 -10 -10 -7 -7 -5 -5 -5 -5 -4 -4 -4 -4 ------------ Run | Yrd Mat Min Sub Rec Scr Fac Upp Upp War Pro Fac Was Fac Used RIF Installer . | . . . . . . . . . . . . . . Robots Hacked . | . . . . . . . . . . . . . . Non-combat . | . . . . . . . . . . . . . . Combat . | . . . . . . . . . . . . . . Robot Hacks Applied . | . . . . . . . . . . . . . . Relay Couplers Released . | . . . . . . . . . . . . . . Fabnet Peak Effective % . | . . . . . . . . . . . . . . Robots Rewired 5 | . . . . . . . . . 5 . . . . Allies Hacked . | . . . . . . . . . . . . . . Hacks Repelled . | . . . . . . . . . . . . . . Allies | -11 -10 -10 -10 -7 -7 -5 -5 -5 -5 -4 -4 -4 -4 -------- Run | Yrd Mat Min Sub Rec Scr Fac Upp Upp War Pro Fac Was Fac Total Allies 6 | . . . . . . . . . 5 . . 1 . Largest Group 5 | . . . . . . . . . 5 . . 1 . Highest-Rated Group 241 | . . . . . . . . . 241 . . 46 . Highest-Rated Ally 64 | . . . . . . . . . 64 . . 46 . Total Orders 12 | . . . . . . . 9 2 . 1 . . . EXPLORE 8 | . . . . . . . 6 1 . 1 . . . RETURN 4 | . . . . . . . 3 1 . . . . . Ally Attacks 25 | . . . . . . . . . 14 . . 11 . Total Damage 825 | . . . . . . . . . 632 . . 193 . Kills 4 | . . . . . . . . . 4 . . . . Allies Corrupted . | . . . . . . . . . . . . . . Allies Melted 1 | . . . . . . . . . 1 . . . . Intel | -11 -10 -10 -10 -7 -7 -5 -5 -5 -5 -4 -4 -4 -4 ------- Run | Yrd Mat Min Sub Rec Scr Fac Upp Upp War Pro Fac Was Fac Active Infowar (turns) 7811 | 47 677 593 993 992 . 2213 703 253 764 181 63 38 294 Optics 2367 | . . . . . . 1893 . . . 108 63 38 265 Structural 1232 | . . . . . . 1232 . . . . . . . Traps 33 | . . . . . . . . . 33 . . . . Seismic 6308 | 47 677 593 993 992 . 847 703 253 764 181 63 38 157 Jamming 255 | . . . . . . 139 116 . . . . . . ECM 26 | . . . . . . . . . . . . . 26 Robot Analysis Total 2 | . 2 . . . . . . . . . . . . Derelict Logs Recovered 11 | . . 1 1 . 5 . 1 2 . 1 . . . Drone Launches 7 | . . . . . . . 5 1 . 1 . . . Drone Recoveries 6 | . . . . . . . 4 1 . 1 . . . Exploration | -11 -10 -10 -10 -7 -7 -5 -5 -5 -5 -4 -4 -4 -4 ------------- Run | Yrd Mat Min Sub Rec Scr Fac Upp Upp War Pro Fac Was Fac Turns Passed 11055 | 169 1008 650 1463 1280 1163 2377 703 253 795 181 63 38 912 Spaces Moved 8060 | 125 540 535 662 572 680 1337 662 304 1231 290 124 92 906 Core 1 | 1 . . . . . . . . . . . . . Treads 1833 | 3 453 1 268 423 118 567 . . . . . . . Legs 58 | . . . . . . . . . . . . . 58 Wheels 2249 | 121 87 534 394 149 562 395 . . . . . . 7 Hover 3919 | . . . . . . 375 662 304 1231 290 124 92 841 Flight . | . . . . . . . . . . . . . . Fastest Speed 26 | 50 95 110 110 120 150 26 26 26 26 30 33 33 33 Average Speed 98 | 95 149 110 168 220 167 121 29 26 26 33 35 33 56 Slowest Speed 250 | 160 160 160 240 250 250 247 105 26 33 43 43 33 210 Overloaded Moves . | . . . . . . . . . . . . . . Propulsion Burnouts . | . . . . . . . . . . . . . . Robots Hopped . | . . . . . . . . . . . . . . Potential Cave-ins 2 | . . . . . . . . . 2 . . . . Cave-ins Triggered 1 | . . . . . . 1 . . . . . . . Exploration Rate (%) 61 | 4 85 97 52 98 53 39 94 90 86 64 6 74 20 Regions Visited 13 Branch Regions 8 Pre-discovered Areas 6 | . 3 1 1 . 1 . . . . . . . . Known Exits Taken 3 | . 1 1 . . . 1 . . . . . . . Unknown Exits Taken 8 | 1 . . 1 1 1 . 1 1 1 1 . . . Scrap Searched 13 | . . 1 . . 6 . 3 1 . 2 . . . Spaces Dug 65 | . 6 . 1 . . 39 . . . 16 . . 3 Terrain Destroyed 264 | . 10 4 29 . . 144 . . . 46 . . 31 Melee 25 | . . . . . . 22 . . . . . . 3 Projectile 48 | . 10 . 2 . . 32 . . . . . . 4 AOE 191 | . . 4 27 . . 90 . . . 46 . . 24 Terrain Rammed . | . . . . . . . . . . . . . . Walls Destroyed . | . . . . . . . . . . . . . . Machines Disabled . | . . . . . . . . . . . . . . Actions | -11 -10 -10 -10 -7 -7 -5 -5 -5 -5 -4 -4 -4 -4 --------- Run | Yrd Mat Min Sub Rec Scr Fac Upp Upp War Pro Fac Was Fac Total 10454 | 154 634 583 852 587 711 1857 1131 478 1688 364 144 99 1172 Wait 1303 | . 19 30 71 . 1 155 411 166 348 50 . 6 46 Move 8048 | 124 539 534 661 571 679 1336 661 303 1230 289 124 91 906 Hop . | . . . . . . . . . . . . . . Pick Up 135 | 7 11 5 12 10 11 45 10 3 2 4 4 1 10 Fast Attach 88 | 6 1 . 2 . 3 26 3 1 10 . 2 . 34 Attach 77 | . 1 2 8 . . 33 3 . 3 1 6 . 20 Detach 46 | . 1 . . . 3 11 2 . 5 2 2 . 20 Swap 110 | . 11 1 25 5 1 46 4 . 3 5 1 . 8 Drop 137 | . 5 3 6 1 13 53 9 4 14 4 4 1 20 Fire 290 | 17 46 8 67 . . 116 . . . 8 . . 28 Melee 130 | . . . . . . 36 23 . 2 1 1 . 67 Ram . | . . . . . . . . . . . . . . Kick . | . . . . . . . . . . . . . . Crush . | . . . . . . . . . . . . . . Escape Stasis 13 | . . . . . . . . . . . . . 13 Rewire 62 | . . . . . . . . . 62 . . . . Trap 7 | . . . . . . . 5 1 1 . . . . Miscellaneous 8 | . . . . . . . . . 8 . . . . Route ------- -11/Scrapyard -10/Materials (discovered 5 exits: *Mat x3 / *Min / Sub) -10/Mines (discovered 4 exits: *Mat x2 / [*Exi] / *Sub) -10/Subcaves (discovered 2 exits: [*Mat] / *Rec) -7/Recycling (discovered 2 exits: *Fac / *Scr) -7/Scraptown -5/Factory (discovered 2 exits: [*Fac] / *Upp) -5/Upper Caves -5/Upper Caves (discovered 2 exits: [*Fac] / *War) -5/Warlord -4/Proximity Caves -4/Factory (discovered 4 exits: Res / Upp / Ext / Arm) -4/Waste -4/Factory History --------- Turn | Location | Event 21 | -11/Scrapyard | Discovered new exit (range 15) 170 | -11/Scrapyard | Entered Materials 319 | -10/Materials | Build established: Mutant 323 | -10/Materials | Discovered new exit (range 8) 689 | -10/Materials | Identified exit to Mines 689 | -10/Materials | Identified exit to Subcaves 689 | -10/Materials | Identified exit to Materials 730 | -10/Materials | Learned location of Recycling (-7) 784 | -10/Materials | Learned location of Mines (-10) 820 | -10/Materials | Learned location of 3 exits from Materials 1178 | -10/Materials | Entered Mines 1261 | -10/Mines | Deemed a non-threat by the Exiles lab entrance 1261 | -10/Mines | Discovered new exit (range 5) 1514 | -10/Mines | Discovered exit to Materials (range 11) 1516 | -10/Mines | Discovered exit to Subcaves (range 9) 1517 | -10/Mines | Learned location of Zion (-7) 1637 | -10/Mines | Discovered exit to Materials (range 8) 1828 | -10/Mines | Entered Subcaves 1905 | -10/Subcaves | Visited Clippyterm 1909 | -10/Subcaves | Learned Factory trap positions 1909 | -10/Subcaves | Learned Factory stockpile data 2069 | -10/Subcaves | Shifting Twisted Machinery released Flamer 2074 | -10/Subcaves | Shifting Twisted Machinery released Sub. Shrapnel Launcher 2467 | -10/Subcaves | Shifting Twisted Machinery released Sub. Machine Gun 2741 | -10/Subcaves | Discovered new exit (range 12) 2751 | -10/Subcaves | Core integrity fell below 50% 2799 | -10/Subcaves | Lost 5 parts (1p2n2w) 3057 | -10/Subcaves | Discovered new exit (range 9) 3206 | -10/Subcaves | Core integrity fell below 20% 3227 | -10/Subcaves | Learned location of Storage (-7) 3291 | -10/Subcaves | Entered Recycling 3911 | -7/Recycling | Discovered new exit (range 5) 4513 | -7/Recycling | Scanned before Scraplab entrance 4548 | -7/Recycling | Entered Scraplab 4568 | -7/Recycling | Discovered new exit (range 2) 4571 | -7/Recycling | Entered Scraptown 4994 | -7/Scraptown | Visited SPCMW 5018 | -7/Scraptown | Visited IN-MT5's Study 5069 | -7/Scraptown | Scanned Subdweller tech in exchange for log data 5072 | -7/Scraptown | Learned location of Extension (-4) 5074 | -7/Scraptown | Learned Research emergency access door positions 5075 | -7/Scraptown | Learned 12 Research zone layouts 5077 | -7/Scraptown | Learned 12 Factory zone layouts 5078 | -7/Scraptown | Learned location of 1 exit from Research 5198 | -7/Scraptown | Discovered new exit (range 11) 5430 | -7/Scraptown | Visited TADAMA 5461 | -7/Scraptown | Visited Fellowship of the Rings 5500 | -7/Scraptown | Visited CPS Storage 5542 | -7/Scraptown | Visited Cyclists 5575 | -7/Scraptown | Visited Bundlers 5734 | -7/Scraptown | Entered Factory 5734 | -5/Factory | Evolved 10 slots: Power x1, Propulsion x4, Utility x4, Weapon x1 5736 | -5/Factory | Loaded intel: 99 trap records 6073 | -5/Factory | Build established: Tank 6214 | -5/Factory | Lost 3 parts (1p1n1w) 6484 | -5/Factory | Build established: Mutant 6588 | -5/Factory | Garrison activated, responded to threat 7020 | -5/Factory | Build established: Tank 7231 | -5/Factory | Discovered new exit (range 8) 7242 | -5/Factory | Identified exit to Upper Caves 7394 | -5/Factory | System corruption reached 10% 7738 | -5/Factory | Discovered new exit (range 8) 7893 | -5/Factory | Crushed by falling debris 7893 | -5/Factory | System corruption reached 30% 7924 | -5/Factory | Lost 3 parts (1p1n1u) 8111 | -5/Factory | Entered Upper Caves 8177 | -5/Upper Caves | Learned location of 1 exit from Factory 8244 | -5/Upper Caves | Attracted the attention of an 0b10 checkpoint 8759 | -5/Upper Caves | Discovered new exit (range 41) 8814 | -5/Upper Caves | Entered another Upper Caves area 8825 | -5/Upper Caves | Discovered new exit (range 21) 8859 | -5/Upper Caves | Learned location of 1 exit from Factory 8871 | -5/Upper Caves | Build established: Scavenger-Sprinter 9031 | -5/Upper Caves | Discovered new exit (range 5) 9067 | -5/Upper Caves | Entered Warlord 9079 | -5/Warlord | System corruption cleaned by Quarantine Array 9087 | -5/Warlord | Discovered new exit (range 12) 9274 | -5/Warlord | Warlord's base attacked by MAIN.C 9298 | -5/Warlord | Found Prototype Energy Gun 9298 | -5/Warlord | Identified Vortex Shotgun 9345 | -5/Warlord | Met Warlord 9373 | -5/Warlord | Found Prototype Reactor 9373 | -5/Warlord | Identified Vortex Chain Reactor 9400 | -5/Warlord | Found Prototype Device 9400 | -5/Warlord | Identified Exp. Phase Shifter 9410 | -5/Warlord | Found Prototype Processor 9410 | -5/Warlord | Identified Exp. Armor Integrity Analyzer 9490 | -5/Warlord | Build established: Commander-Sprinter 9624 | -5/Warlord | Warlord forces counterattacked 9637 | -5/Warlord | Opened side exit 9726 | -5/Warlord | Lost 5 allies 9750 | -5/Warlord | Warned about trapping base interior 9862 | -5/Warlord | Entered Proximity Caves 9975 | -4/Proximity Caves | Build established: Sprinter 10030 | -4/Proximity Caves | Lost 3 parts (1n2w) 10033 | -4/Proximity Caves | Discovered new exit (range 22) 10043 | -4/Proximity Caves | Entered Factory 10043 | -4/Factory | Evolved 2 slots: Propulsion x1, Weapon x1 10044 | -4/Factory | Identified exit to Upper Caves 10044 | -4/Factory | Identified exit to Armory 10045 | -4/Factory | Identified exit to Research 10045 | -4/Factory | Identified exit to Extension 10106 | -4/Factory | Sucked down chute 10106 | -4/Factory | Entered Waste 10107 | -4/Waste | Met a frightened Derelict 10109 | -4/Waste | Spotted C-40 Crusher 10112 | -4/Waste | Found Prototype Hackware 10115 | -4/Waste | Spotted C-40 Crusher 10121 | -4/Waste | EMP discharged 10126 | -4/Waste | Spotted C-40 Crusher 10126 | -4/Waste | Spotted C-40 Crusher 10135 | -4/Waste | Spotted C-40 Crusher 10140 | -4/Waste | Discovered new exit (range 14) 10144 | -4/Waste | Entered Factory 10191 | -4/Factory | Identified Exp. Hacking Suite 10513 | -4/Factory | Lost 13 parts (2p5n4u2w) 10532 | -4/Factory | System corruption reached 10% 10586 | -4/Factory | Core integrity fell below 50% 10623 | -4/Factory | Build established: Mutant 10630 | -4/Factory | Lost 11 parts (3p3n5u) 10652 | -4/Factory | Core integrity fell below 20% 11056 | -4/Factory | Destroyed by P-70 Sage with Tesla Rifle Last Messages --------------- 11018_ Acquired Prototype Piercing Weapon. 11018_ Identified Plasma Lance. 11021_ Chainsword destroyed. 11025_ GRQHFLSAMBXA9ALQSJ4:O9JAXXV354GJ/5 , 11025_ Acquired Adv. Melee Analysis Suite. 11028_ Power Conduit explodes. 11038_ Hpw. Shock Rifle destroyed. 11038_ Connecting with Terminal... >>Layout(Zone) Retrieving Zone 9F layout... Downloaded map data. 11042_ C-30 ARC bursts open, deploying its payload. 11042_ S-27 Virus unfolds itself. 11042_ S-27 Virus destroyed. 11048_ >FDCRPT5#GBUII&LFRVP 11048_ Antigrav System+ destroyed. 11049_ Dropped Med. Storage Unit. 11049_ Dropped Lrg. Storage Unit. 11052_ S-27 Virus destroyed. 11056_ Antigrav System+ destroyed. Map ----- +----------------------------------------------------+ | ????????? # #?????# " " " " " # | | ????????? # #?????# " " " " " #?? | | ????????? + #?????# " " " " " #???# | | ????????? # #?????# " " " " " #???# | | ????????? ###########?????# " " " " " #???# | | ????????? #??????????????# #???# | | ????????? ################################# | | ????????? | | ????????? ############## | | ????????? #??????????#"" ##### | | ?????????###??????????#"T ! #???? | | ?????????#????????????#"" #???? | | ?????????#????########### #???? | | ?????????#????# ; #???? | | ?????????#????# " ; #???? | | ?????????###??# T "" #???? | | ????????? #??# " "" # +? | | ????????? #??# [""" #######? | | ????????? #??# =% "" #??????? | | ????????? #??# "" p ?????? | | ????????? #??# !! ;p #????? | | ?????????####?####/#### ; % #????? | | ????????? #????# #??###%[; #????? | | ????????? #????# #####! ### #????? | | ?????????" #????# s s #?# ######## #????? | | ?????????" #????# ##### @ #####+#######??? ????? | | ?????????????????# #???#####??????????????? #???? | | ????????????????? #???????????????????????? #???? | | ????????????????####????????????????????????##???? | | ?????????????????????????????????????????????????? | | ?????????????????????????????????????????????????? | | ?????????????????????????????????????????????????? | | ?????????????????????????????????????????????????? | | ?????????????????????????????????????????????????? | | ?????????????????????????????????????????????????? | | ?????????????????????????????????????????????????? | | | | | | | | | | | | | | | | | | | | | | | | | | | | | +----------------------------------------------------+ Best States ------------- Heat Dissipation 102 Energy Generation 55 Energy Capacity 1300 Matter Stores 300 Matter Capacity 300 Sight Range 22 Terrain Scan Density 10 ECM Strength 2 Jamming Range 14 Additional Mass Support 9 Armor Coverage 450 Core Shielding 20 Weapon Cycling 20 Evasion (%) 59 Melee Accuracy 8 Armor Integrity Analysis 50 Recoil Reduction 6 Energy Filtering 50 Offensive Hacking 16 Authchip Count 1 Item Schematics ----------------- Hcp. Storage Unit | -10/Materials | Hacked Robot Schematics ------------------ None Fabricated ------------ Nothing Repaired ---------- Nothing Studied --------- Linear Gravjet | -5/Factory | Hacked Antigrav System | -5/Factory | Hacked Alien Tech Used ----------------- None Achievements -------------- Low-level Research You May Approach The Wall Challenges ------------ None Game ------ Seed MappingUltimateForcegen Manual? 0 Play Time 02:28:33 Cumulative 352.2 hours Start 2026.03.20 @ 21:26:17 End 2026.03.20 @ 23:57:14 Sessions 1 Manual Loads 0 Difficulty Rogue Special Mode None Game No. 122 Rogue 121 Adventurer 1 Explorer 0 Win Type - Total 14 Types 12/0/2/0/0/0/0/0/0/0 Lore% 78 Gallery% 73 Achievement% 54 Wizard Run 0 Options --------- Layout 0 ASCII 1 Keyboard 1 Movement Vi Keybinds 0 Fullscreen 1 Font 36/Terminus++ Map View 76x50 Zoom Use 0% Tactical HUD 1 Map Filters NONE Filters NONE Steam 0 RUN: d91149e2-0457-43ec-b28c-d77b64a6c76f